 Dungeon Crawl Stone Soup version 0.31-a0-765-g67fe2935dc (webtiles) character file.

Game seed: 5031297898680915312

43 ryw the Ruffian (level 3, -3/29 HPs)
             Began as a Demigod Shapeshifter on Sept 15, 2023.
             Slain by a goblin
             ... wielding a +0 club
             ... led by Robin
              (5 damage)
             ... on level 2 of the Dungeon.
             The game lasted 00:01:53 (1236 turns).

ryw the Ruffian (Demigod Shapeshifter)              Turns: 1236, Time: 00:01:54

Health: -3/29      AC:  2    Str: 19    XL:     3   Next: 20%
Magic:  5/5        EV: 12    Int: 12    God:
Gold:   112        SH:  0    Dex: 19    Spells: 2/2 levels left

rFire   . .          .
                       - Unarmed
rCold   . . .        (no shield)
rNeg    . . .        a - +0 animal skin
rPois   .            (helmet currently unavailable)
rElec   .            (cloak currently unavailable)
rCorr   .            (gloves currently unavailable)
SInv    .            (boots currently unavailable)
Will    .....        (no amulet)
Stlth   ++           l - +6 ring of dexterity
HPRegen 0.24/turn    (no ring)
MPRegen 0.09/turn

%: no passive effects
@: beast-form
A: beast (slay +1), high MP 1, forlorn, divine attributes
a: Begin Untransformation


You were on level 2 of the Dungeon.
You were a hulking beast.
You visited 1 branch of the dungeon, and saw 2 of its levels.

You collected 112 gold pieces.

Inventory:

Armour
 a - a +0 animal skin (worn)
Jewellery
 l - a +6 ring of dexterity (left hand)
Talismans
 c - a beast talisman (active)
 d - a flux talisman
Scrolls
 e - a scroll of identify {unknown}
 g - 3 scrolls of teleportation {unknown}
 h - a scroll of blinking {unknown}
 j - a scroll of enchant armour {unknown}
 k - 2 scrolls of silence {unknown}
Potions
 b - a potion of lignification
 f - 3 potions of invisibility {unknown}
 i - a potion of curing {unknown}
 m - a potion of heal wounds {unknown}
 n - a potion of berserk rage {unknown}
 o - a potion of enlightenment {unknown}


   Skills:
 + Level 1.7 Fighting
 - Level 2.0 Dodging
 + Level 3.2 Unarmed Combat
 + Level 3.1 Shapeshifting


You had 2 spell levels left.
You didn't know any spells.
Your spell library contained the following spells:

 Spells                   Type           Power      Damage    Failure   Level
 Freeze                   Ice            0%         1d3       32%         1
 Lesser Beckoning         Tloc           0%         N/A       45%         2
 Frozen Ramparts          Ice            0%         1d1       69%         3
 Gell's Gravitas          Tloc           0%         N/A       69%         3
 Hailstorm                Conj/Ice       0%         3d3       69%         3
 Ozocubu's Armour         Ice            0%         N/A       69%         3
 Teleport Other           Tloc           0%         N/A       69%         3
 Ozocubu's Refrigeration  Ice            0%         4d7       100%        7


Dungeon Overview and Level Annotations

Branches:
Dungeon (2/15)

Annotations:
D:2 Robin


Innate Abilities, Weirdness & Mutations

You are a hulking beast.
Your limbs bulge with bestial killing power. (Slay +1)
You have an increased reservoir of magic. (+10% MP)
You shall have no god before yourself.
Your divine heritage dramatically boosts your attributes as you level up.


Message History

You hear a shout! x2
You hit the endoplasm.
The endoplasm is moderately wounded.
The endoplasm barely misses you.
The goblin shoots a sling bullet.
The sling bullet closely misses you.
You hit the endoplasm.
The endoplasm is almost dead.
The endoplasm hits you.
The goblin shoots a sling bullet.
The sling bullet completely misses you.
You hit the endoplasm.
You kill the endoplasm!
Robin of the Strong Arm comes into view.
They are wielding a +0 spectral club.
The goblin shoots a sling bullet.
The sling bullet closely misses you.
Found a stone staircase leading down.
The goblin shoots a sling bullet.
The sling bullet hits you.
Robin shouts!
You hear a shout!
A goblin comes into view. It is wielding a +0 club.
Robin throws the goblin at you!
You hit the goblin.
The goblin is severely wounded.
Robin throws the goblin at you! The goblin misses you.
The goblin barely misses you. The goblin hits you with a +0 dagger.
The goblin closely misses you. The goblin attacks as it pursues you!
The goblin hits you with a +0 club.
Found 13 gold pieces.
The goblin attacks as it pursues you! The goblin hits you with a +0 dagger.
Robin says, "Duck!"
Robin throws the goblin at you! The goblin hits you with a +0 club.
* * * LOW HITPOINT WARNING * * *
The goblin shoots a sling bullet.
The sling bullet hits you.
* * * LOW HITPOINT WARNING * * *
The goblin hits you with a +0 club.
* * * LOW HITPOINT WARNING * * *
Robin roars a battlecry!
The goblins go into a battle-frenzy!
The goblin attacks as it pursues you! The goblin closely misses you.
The goblin hits you with a +0 club.
You die...

...$ .#. ...####.#. #.#
#....#... #.#
####..#.#..## #.######
.>..........#####.#.....
.....................
####....#.##.##.#...
..........gg....#.#######
.##.##.#gg.h.#..<.......
#..........#..#.######
####.#........†.##
#..g.#.....#.....#
#.####..#..#.#.#.# g.
#.†...#.##..## #..
..########....#.#8..8##
#.. .
......)....#...>...# #..
########...#.......# #..


You could see 4 goblins.

Vanquished Creatures
  An adder (D:2)
  3 dart slugs (D:1)
  2 ball pythons
  2 endoplasms (D:2)
  A giant cockroach (D:2)
  3 goblins (D:2)
  2 hobgoblins
  2 quokkas
  A bat (D:2)
  3 kobolds (D:1)
  8 rats
28 creatures vanquished.

Notes
Turn   | Place    | Note
-------+----------+-------------------------------------------
     0 | D:1      | ryw the Demigod Shapeshifter began the quest for the Orb.
     0 | D:1      | Reached XP level 1. HP: 15/15 MP: 3/3
    96 | D:1      | Reached skill level 1 in Fighting
   139 | D:1      | Reached XP level 2. HP: 4/23 MP: 4/4
  1135 | D:2      | Reached XP level 3. HP: 28/28 MP: 5/5
  1226 | D:2      | Noticed Robin
  1235 | D:2      | HP: 1/29 [goblin/+0 club[Robin] (4)]
  1236 | D:2      | Slain by a goblin

Illustrated notes

Levels and vault maps discovered:
D:1:      nagdon_arrival_zigzag_paths, layout_basic
D:2:      layout_basic, basic_altar, grunt_decor_one_mirror, st_stairs_6,
          uniq_robin

Skill      XL: |  1  2 |
---------------+-------+-----
Fighting       | 1 |  1.7
Dodging        | 2 |  2.0
Unarmed Combat | 3 |  3.2
Shapeshifting  | 3 |  3.1

Action                     || total
---------------------------++-------
  Melee: Unarmed           ||    82
         Punch             ||     1
   Stab: Sleeping          ||     1
 Armour: Animal skin       ||    50
  Dodge: Dodged            ||    63

Table legend: (Time is in decaauts)
 A = Elapsed time spent in this place.
 B = Non-inter-level travel time spent in this place.
 C = Inter-level travel time spent in this place.
 D = Time resting spent in this place.
 E = Time spent auto-exploring this place.
 F = Levels seen in this place.
 G = Mean time per level.
                   A        B        C        D        E       F      G
               +--------+--------+--------+--------+--------+-----+--------+
         Total |   1233 |   1172 |     61 |    133 |    862 |   2 |  616.5 |
       Dungeon |   1233 |   1172 |     61 |    133 |    862 |   2 |  616.5 |
               +--------+--------+--------+--------+--------+-----+--------+

Top non-repeatable levels by time:
     D:1: 984 daAuts
     D:2: 249 daAuts
